 Dungeon Crawl Stone Soup version 0.27.1-2-g3b301248ec (webtiles) character file.

Game seed: 15322152784813992308

457324 Kinoniko the Hill Orc Cataclysm (level 24, -1/223 HPs)
             Began as a Hill Orc Fighter on Oct 1, 2021.
             Was a High Priest of Qazlal.
             Slain by an ancient lich (11 damage)
             ... on level 5 of the Vaults.
             The game lasted 01:14:10 (53595 turns).

Kinoniko the Hill Orc Cataclysm (Hill Orc Fighter) Turns: 53595, Time: 01:14:11

Health: -1/223     AC: 37    Str: 29    XL:     24   Next: 41%
Magic:  38/38      EV: 13    Int:  5    God:    Qazlal [*****.]
Gold:   927        SH: 16    Dex: 16    Spells: 23/23 levels left

rFire    + . .     SeeInvis +   H - +6 broad axe (freeze)
rCold    + . .     Faith    +   q - +1 buckler of the Stallion {rElec Will+ rCorr Int-3}
rNeg     + . .     Spirit   .   r - +5 plate armour of Biczusm {Regen+}
rPois    +         Reflect  .   I - -2 hat of the Alchemist {rElec rPois rF+ rC+ rN+ Will+ rMut rCorr}
rElec    +         Harm     .   C - +2 cloak
rCorr    +         Rampage  .   L - +2 pair of gloves
rMut     +                      (no boots)
Will     ++++.                  X - amulet of faith
Stlth    ..........             c - ring of Wariness {rPois Will+ Str-5 Dex+6 SInv}
HPRegen  1.47/turn              Y - ring "Bepp" {AC+4 Str+4}
MPRegen  0.26/turn

@: mighty, protected from physical damage, studying Maces & Flails, repel
missiles
A: no striking features
}: 2/15 runes: serpentine, barnacled
a: Renounce Religion, Upheaval, Elemental Force, Disaster Area


You were on level 5 of the Vaults.
You worshipped Qazlal.
Qazlal was extremely pleased with you.
You visited 8 branches of the dungeon, and saw 40 of its levels.
You visited 1 bazaar.
You also visited: Sewer, Gauntlet, Ice Cave and Wizlab.

You collected 5092 gold pieces.
You spent 4165 gold pieces at shops.

Inventory:

Hand Weapons
 s - the +3 Elemental Staff {rElec rF++ rC++ Will++ AC+5}
   (You found it on level 3 of the Elven Halls)

   If the wielder is skilled in Evocations, they can discharge powerful blasts
   of elemental energy when striking with it.
   It enhances your fire, ice, earth and air magic.
   AC:        It affects your AC (+5).
   rF:        It greatly protects you from fire.
   rC:        It greatly protects you from cold.
   rElec:     It insulates you from electricity.
   Will:      It greatly increases your willpower.
 H - a +6 broad axe of freezing (weapon)
 K - the +10 war axe "Hanterac" {venom, +Rage Str+2 Int+4}
   (You found it on level 14 of the Dungeon)

   It poisons the flesh of those it strikes.
   Str:       It affects your strength (+2).
   Int:       It affects your intelligence (+4).
   +Rage:     It lets you go berserk.
Missiles
 T - 16 silver javelins (quivered)
Armour
 q - the +1 buckler of the Stallion (worn) {rElec Will+ rCorr Int-3}
   (You found it on level 14 of the Dungeon)

   Int:       It affects your intelligence (-3).
   rElec:     It insulates you from electricity.
   rCorr:     It protects you from acid and corrosion.
   Will:      It increases your willpower.
 r - the +5 plate armour of Biczusm (worn) {Regen+}
   (You bought it in a shop on level 3 of the Vaults)

   Regen:     It increases your rate of health regeneration.
 C - a +2 cloak (worn)
 I - the -2 hat of the Alchemist (worn) {rElec rPois rF+ rC+ rN+ Will+ rMut rCorr}
   (You found it in a wizard's laboratory)

   rF:        It protects you from fire.
   rC:        It protects you from cold.
   rElec:     It insulates you from electricity.
   rPois:     It protects you from poison.
   rN:        It protects you from negative energy.
   rCorr:     It protects you from acid and corrosion.
   rMut:      It protects you from mutation.
   Will:      It increases your willpower.
 L - a +2 pair of gloves (worn)
 P - the +2 buckler of Wazom {Rampage rElec MP+9}
   (You found it on level 3 of the Shoals)

   rElec:     It insulates you from electricity.
   MP:        It affects your magic capacity (+9).
   Rampage:   It bestows one free step when moving towards enemies.
 Z - the +0 helmet of the Forsaken Ships {Regen+ Int+3 SInv}
   (You found it in a Gauntlet)

   Int:       It affects your intelligence (+3).
   SInv:      It lets you see invisible.
   Regen:     It increases your rate of health regeneration.
Jewellery
 c - the ring of Wariness (left hand) {rPois Will+ Str-5 Dex+6 SInv}
   (You bought it in a shop in a bazaar)

   [ring of poison resistance]

   Str:       It affects your strength (-5).
   Dex:       It affects your dexterity (+6).
   rPois:     It protects you from poison.
   SInv:      It lets you see invisible.
   Will:      It increases your willpower.
 d - the ring "Yteus" {rElec Will+ MP-9 Str+7}
   (You took it off a deep elf sorcerer on level 3 of the Elven Halls)

   [ring of willpower]

   Str:       It affects your strength (+7).
   rElec:     It insulates you from electricity.
   MP:        It affects your magic capacity (-9).
   Will:      It increases your willpower.
 f - a ring of willpower
 g - a ring of protection from fire
 l - a +4 ring of evasion
 M - the ring of Ytrupats {Fire Dex+2}
   (You found it in a Gauntlet)

   [ring of fire]

   It enhances your fire magic.
   Dex:       It affects your dexterity (+2).
   rF:        It protects you from fire.
   rC:        It makes you vulnerable to cold.
 S - an amulet of reflection
 W - a ring of flight
 X - an amulet of faith (around neck)
 Y - the ring "Bepp" (right hand) {AC+4 Str+4}
   (You bought it in a shop on level 2 of the Orcish Mines)

   [ring of protection]

   AC:        It affects your AC (+4).
   Str:       It affects your strength (+4).
Wands
 b - a wand of flame (62)
 j - a wand of paralysis (26)
 n - a wand of iceblast (56)
 u - a wand of mindburst (43)
 y - a wand of polymorph (69)
 G - a wand of digging (21)
 O - a wand of acid (36)
 Q - a wand of charming (12)
Scrolls
 i - 3 scrolls of fear
 p - 6 scrolls of fog
 t - 6 scrolls of magic mapping
 x - 8 scrolls of amnesia
 z - 25 scrolls of identify
 B - 6 scrolls of teleportation
Potions
 e - 5 potions of magic
 m - 19 potions of curing
 o - 7 potions of haste
 v - 23 potions of mutation
 A - 9 potions of flight
 D - 7 potions of brilliance
 E - 3 potions of cancellation
 J - 5 potions of attraction
 N - 2 potions of resistance
 R - a potion of might
 U - 2 potions of invisibility
Miscellaneous
 a - a condenser vane
 h - a tin of tremorstones (2/2)
 w - a lightning rod (4/4)


   Skills:
 + Level 19.7 Fighting
 - Level 18.9 Axes
 + Level 20.7 Armour
 - Level 10.1 Dodging
 + Level 19.9 Shields
 - Level 22.4 Invocations
 * Level 14.3 Evocations


You had 23 spell levels left.
You didn't know any spells.
Your spell library contained the following spells:

 Spells                   Type           Power      Damage    Failure   Level
 Freeze                   Ice            0%         1d3       91%         1
 Magic Dart               Conj           0%         1d3       91%         1
 Shock                    Conj/Air       0%         1d3       91%         1
 Sting                    Tmut/Pois      0%         1d3       91%         1
 Summon Small Mammal      Summ           0%         N/A       91%         1
 Blink                    Tloc           N/A        N/A       97%         2
 Call Imp                 Summ           0%         N/A       97%         2
 Ensorcelled Hibernation  Hex/Ice        0%         N/A       97%         2
 Poisonous Vapours        Pois/Air       0%         N/A       97%         2
 Slow                     Hex            0%         N/A       97%         2
 Static Discharge         Conj/Air       0%         N/A       97%         2
 Sublimation of Blood     Necr           0%         N/A       97%         2
 Call Canine Familiar     Summ           0%         N/A       100%        3
 Confusing Touch          Hex            0%         N/A       100%        3
 Dazzling Flash           Conj/Hex       0%         N/A       100%        3
 Frozen Ramparts          Ice            0%         1d2       100%        3
 Ignite Poison            Fire/Tmut/Pois 0%         N/A       100%        3
 Inner Flame              Hex/Fire       0%         N/A       100%        3
 Lesser Beckoning         Tloc           0%         N/A       100%        3
 Mephitic Cloud           Conj/Pois/Air  0%         N/A       100%        3
 Portal Projectile        Hex/Tloc       0%         N/A       100%        3
 Spider Form              Tmut/Pois      0%         N/A       100%        3
 Summon Guardian Golem    Hex/Summ       0%         N/A       100%        3
 Swiftness                Air            0%         N/A       100%        3
 Tukima's Dance           Hex            0%         N/A       100%        3
 Airstrike                Air            0%         N/A       100%        4
 Cause Fear               Hex            0%         N/A       100%        4
 Fulminant Prism          Conj/Hex       0%         3d6       100%        4
 Hailstorm                Conj/Ice       0%         3d3       100%        4
 Iskenderun's Mystic Bla  Conj/Tloc      0%         2d3       100%        4
 Leda's Liquefaction      Hex/Erth       0%         N/A       100%        4
 Olgreb's Toxic Radiance  Pois           0%         N/A       100%        4
 Petrify                  Tmut/Erth      0%         N/A       100%        4
 Blade Hands              Tmut           0%         N/A       100%        5
 Bolt of Magma            Conj/Fire/Erth 0%         4d4       100%        5
 Excruciating Wounds      Necr           0%         N/A       100%        5
 Irradiate                Conj/Tmut      0%         3d14      100%        5
 Lee's Rapid Deconstruct  Erth           0%         3d5*      100%        5
 Lightning Bolt           Conj/Air       0%         1d11      100%        5
 Manifold Assault         Tloc           0%         N/A       100%        5
 Summon Forest            Summ/Tloc      0%         N/A       100%        5
 Summon Mana Viper        Hex/Summ       0%         N/A       100%        5
 Yara's Violent Unravell  Hex/Tmut       0%         3d3       100%        5
 Eringya's Noxious Bog    Tmut/Pois      0%         N/A       100%        6
 Shadow Creatures         Summ           N/A        N/A       100%        6
 Starburst                Conj/Fire      0%         6d3       100%        6
 Dragon Form              Tmut           0%         N/A       100%        7
 Summon Hydra             Summ           0%         N/A       100%        7
 Maxwell's Capacitive Co  Air            0%         ∞         100%        8
 Dragon's Call            Summ           0%         N/A       100%        9


Dungeon Overview and Level Annotations

Branches:
Dungeon (15/15)            Temple (1/1) D:5            Lair (6/6) D:8
 Shoals (4/4) Lair:3        Snake (4/4) Lair:2        Slime (0/5) Lair:6
    Orc (2/2) D:12            Elf (3/3) Orc:2        Vaults (5/5) D:14
  Crypt (0/3) Vaults:2     Depths (0/5) D:15          Sewer (visited)
  IceCv (visited)          WizLab (visited)         Gauntlet (visited)

Altars:
Ashenzari
Cheibriados
Dithmenos
Elyvilon
Fedhas
Gozag
Hepliaklqana
Kikubaaqudgha
Makhleb
Nemelex Xobeh
Okawaru
Qazlal
Ru
Sif Muna
Trog
Uskayaw
Vehumet
Wu Jian
Xom
Yredelemnul
Zin
The Shining One
Beogh

Shops:
D:1 [   D:7 ?   Orc:2 =![!   Elf:1 :   Elf:2 [[((?   Shoals:1 *   Shoals:3 :!
Vaults:3 =[(

Annotations:
D:3 3 runed translucent doors, Flure's ghost, amateur DrTm; Sopaderocas's ghost, amateur PaWr; Stajl's ghost, amateur TrMo
D:7 1 runed translucent door, 4FPSwarrior's ghost, novice DsVM
D:9 1 runed translucent door
D:12 exclusions: obsidian statue and orange crystal statue
Vaults:5 Frederick; Mara


Message History

Your black mamba dies!
Your black mamba's corpse dissolves into shadows!
Your deep troll bites the shadow dragon!
Your deep troll claws the shadow dragon!
Your deep troll closely misses the shadow dragon.
Mennas is engulfed in blazing flames.
Mennas hits you but does no damage. x2
Mara blinks!
The ancient lich touches you!
* * * LOW HITPOINT WARNING * * *
Your deep troll bites Mennas!!
Your deep troll completely misses Mennas.
Mennas blocks your deep troll's attack. Kinoniko's illusion hits you!!!
* * * LOW HITPOINT WARNING * * *
Kinoniko's illusion freezes you!
* * * LOW HITPOINT WARNING * * *
Mennas blocks your orc knight's attack.
Unknown command.
Unknown command.
Unknown command.
Mennas blocks your attack.
You strike the helpless Mennas from behind!
You slice Mennas!! You freeze Mennas!
As Mennas dies, the sound returns.
You kill Mennas!
Qazlal accepts your kill.
You slash Kinoniko's illusion! You slice the ancient lich!!
You freeze the ancient lich. You closely miss the shadow dragon.
Your moth of wrath changes into a fire crab!
The warg closely misses your deep elf sorcerer.
Your deep troll barely misses the shadow dragon.
Your deep troll claws the shadow dragon!!
The shadow dragon dies!
Qazlal accepts your kill.
The shadow dragon scales are intact enough to wear.
The ironbound convoker gestures at the vault warden while chanting.
The vault warden seems to grow stronger.
The vault warden unwields a +0 arbalest.
The vault warden wields a +2 long sword of holy wrath.
It softly glows with a divine radiance!
The vault warden hits your deep troll with a +2 long sword of holy wrath!!!
The ancient lich touches you!
You die...

,........<.p<).......,,,,,,,,,,^,
,......)..<<))p......,,,,,,,,,,,,
*######....[)).######**#*********
,,,,,.p..†≈.).....####..,,,*****
,,,,,...#≈≈).#ppo.......,,,,,,,**
,****#..#..≈≈#).T......R,,,,,,,,,
*,,**#,,#.≈[.##pp§T.....,,,,,,,,,
,,,,**,,#.$..##@L○T.....,,,,,,,,,
,,,,,*,,#....##t@°o.....,,,,,,,,,
,,,,,*,,*,,,,*#.e°.....#******,,,
,,,,*,,,*,,,,*#§h)○...##*******,,
*,,*,,^,*,,,,*..)))..##*,,,,,***,
***,,,,**,,,,#.......#*,,,,,,,**,
*,,,***,,,,#.......#*,,,∩,,,**,
***,,,,**,,,,##......#*,,,,,,,**,
*,,*,,,,*,,,,*#......#**,,,,,,+*,
,,,,*,,,*,,,,**,,,,,,,*******+*,,


You could see Mara, an ironbound preserver, an ancient lich (fast, invisible), a
vault warden (strong), a vault guard, an orc knight, an ironbound convoker, a
warg, Kinoniko's illusion (strong), a friendly ironbound preserver (summoned), a
friendly orc knight (summoned), a friendly deep elf sorcerer (summoned, fast), 3
friendly deep trolls and a friendly fire crab shaped shifter (summoned).

Vanquished Creatures
  Mennas (Vaults:5)
  Margery (Vaults:2)
  Saint Roka (Snake:3)
  Vashnia (Snake:2)
  The ghost of Marixus the Executioner, an adept HOFi of Beogh (Vaults:2)
  Jory (Vaults:3)
  A mutant beast (WizLab)
  A tentacled monstrosity (Vaults:5)
  An Ice Fiend (IceCv)
  Asterion (Snake:3)
  Rupert (D:12)
  2 titans (Vaults:3)
  2 deep elf master archers (Elf:3)
  4 deep elf blademasters (Elf:3)
  3 sphinxes
  Frances (D:12)
  Donald (Vaults:3)
  A shadow dragon (Vaults:3)
  5 tengu reavers
  2 nagarajas (Snake:4)
  A fire giant (Vaults:3)
  13 vault wardens
  Aizul (Snake:3)
  Louise (D:15)
  9 deep elf sorcerers
  19 ironbound preservers
  3 deep elf elementalists (Elf:3)
  A juggernaut zombie (D:15)
  2 stone giants
  A war gargoyle (Vaults:3)
  9 very ugly things
  7 deep elf demonologists (Elf:3)
  6 deep elf annihilators (Elf:3)
  3 entropy weavers
  6 dire elephants
  2 crystal guardians (Vaults:3)
  3 minotaurs
  Snorg (Lair:4)
  2 ettins
  2 merfolk javelineers
  7 merfolk impalers
  9 deep elf death magi
  5 deep elf high priests (Elf:3)
  A rakshasa (D:15)
  4 ironbound thunderhulks
  2 fire dragons (Lair:6)
  A caustic shrike simulacrum (IceCv)
  9 yaktaur captains
  37 vault guards
  Harold (Orc:1)
  3 great orbs of eyes
  2 peacekeepers (Vaults:3)
  A catoblepas (Lair:6)
  9 hydras
  3 salamander tyrants (Snake:4)
  5 boulder beetles
  12 naga warriors
  4 merfolk avatars
  8 ironbound frosthearts
  5 ogre magi
  17 anacondas
  14 two-headed ogres
  5 centaur warriors
  2 alligator snapping turtles
  A tengu warrior (D:14)
  A merfolk aquamancer (Shoals:2)
  13 death yaks
  23 dancing weapons
  17 satyrs
  25 naga sharpshooters
  An orc high priest (Orc:2)
  7 ironbound beastmasters
  14 shock serpents
  Nergalle (D:11)
  12 deep elf knights
  An iron golem (WizLab)
  Sonja (Lair:3)
  2 hell knights (Vaults:2)
  13 sea snakes
  66 deep trolls
  6 skeletal warriors
  A glowing orange brain (D:14)
  4 salamander mystics
  An obsidian statue (IceCv)
  A swamp dragon (Lair:6)
  A golden dragon zombie (D:15)
  10 naga ritualists
  15 lindwurms
  16 ironbound convokers
  2 orc knights
  31 harpies
  11 wizards
  11 deep elf archers
  A swamp dragon (shapeshifter) (Vaults:4)
  24 deep elf pyromancers
  2 phantasmal warriors
  6 necromancers
  17 deep elf zephyrmancers
  9 mana vipers
  Pikel (D:5)
  A fire giant zombie (D:15)
  5 orc sorcerers
  2 orb spiders (shapeshifter) (WizLab)
  45 ugly things
  17 cyclopes
  17 salamanders
  15 fauns
  A wolf spider (D:14)
  A salamander (shapeshifter) (WizLab)
  An oklob plant (Lair:6)
  19 manticores
  A stone giant zombie (D:15)
  A human skeleton (Vaults:3)
  Joseph (D:8)
  13 vault sentinels
  A black mamba (shapeshifter) (WizLab)
  36 black mambas
  4 merfolk sirens
  Maurice (D:11)
  9 guardian serpents
  A molten gargoyle (Lair:5)
  2 water nymphs
  4 elephants (Lair:5)
  5 torpor snails (Lair:6)
  15 naga magi
  An unseen horror (D:10)
  15 cane toads
  A gargoyle (D:10)
  3 rime drakes
  2 unseen horrors (shapeshifter) (WizLab)
  2 yaktaur zombies (Vaults:3)
  A cane toad (shapeshifter) (WizLab)
  2 tengu conjurers (D:14)
  An elf zombie (Vaults:3)
  5 entropy weaver simulacra (IceCv)
  A rime drake (shapeshifter) (Vaults:4)
  25 yaktaurs
  2 yaktaurs (shapeshifter) (WizLab)
  11 komodo dragons
  2 anaconda simulacra (IceCv)
  2 kobold demonologists (D:13)
  11 ice devils (IceCv)
  6 freezing wraiths
  4 polar bears
  21 merfolk
  7 large abominations (WizLab)
  4 tyrant leeches (Lair:6)
  A golden dragon simulacrum (IceCv)
  13 trolls
  5 wind drakes
  Prince Ribbit (D:6)
  A meliai (shapeshifter) (WizLab)
  2 trolls (shapeshifter) (WizLab)
  A jumping spider (shapeshifter) (WizLab)
  A hornet (shapeshifter) (WizLab)
  8 hornets
  A merfolk (shapeshifter) (WizLab)
  Grinder (D:5)
  21 slime creatures
  A blink frog (shapeshifter) (WizLab)
  17 blink frogs
  A dream sheep (shapeshifter) (WizLab)
  2 raiju (shapeshifter) (WizLab)
  6 dream sheep
  7 snapping turtles
  8 water elementals
  9 air elementals
  5 wraiths
  A redback (shapeshifter) (WizLab)
  2 redbacks (Vaults:2)
  A vampire (D:13)
  6 wyverns
  3 fire elementals
  A human (shapeshifter) (WizLab)
  5 spriggan simulacra (IceCv)
  8 basilisks
  A basilisk (shapeshifter) (D:14)
  A golden eye (shapeshifter) (WizLab)
  64 yaks
  3 steam dragons
  4 fire bats (Lair:5)
  Eustachio (D:5)
  Grum (D:10)
  4 vampire mosquitoes (D:13)
  4 minotaur simulacra (IceCv)
  43 nagas
  Edmund (D:5)
  An elf skeleton (Vaults:3)
  9 wargs
  Menkaure (D:6)
  A harpy simulacrum (IceCv)
  10 water moccasins
  A warg (shapeshifter) (D:14)
  2 acid dragons (Lair:6)
  4 floating eyes (WizLab)
  29 orc warriors
  A black bear (shapeshifter) (WizLab)
  5 black bears
  A hornet zombie (D:8)
  An ice beast (shapeshifter) (D:15)
  2 alligator simulacra (IceCv)
  An ice beast (D:7)
  38 ogres
  8 boggarts
  2 lemures (D:5)
  12 wolves
  12 centaurs
  2 phantoms
  4 kobold brigands
  Blork the orc (D:5)
  13 bullfrogs
  7 deep troll simulacra (IceCv)
  5 earth elementals
  4 gnoll sergeants
  6 scorpions
  6 small abominations (WizLab)
  A lindwurm simulacrum (IceCv)
  4 killer bees (D:10)
  15 wights
  2 howler monkeys
  3 electric eels (Lair:5)
  5 centaur zombies
  A bullfrog zombie (D:3)
  3 hounds
  A jelly (D:6)
  24 orc priests
  A bullfrog skeleton (D:7)
  An iron imp (D:9)
  6 iguanas
  Natasha (thrice) (D:2)
  24 orc wizards
  5 hell rats (Lair:4)
  A killer bee zombie (D:7)
  3 centaur simulacra
  Robin (D:2)
  3 howler monkey zombies
  12 gnolls
  A gnoll (shapeshifter) (WizLab)
  2 howler monkey skeletons (D:6)
  13 adders
  7 river rats (Sewer)
  5 shadow imps
  2 white imps (Gauntlet)
  3 worms
  2 dart slugs
  83 orcs
  10 bats
  4 endoplasms
  3 giant cockroaches (D:1)
  9 hobgoblins
  4 jackals (D:1)
  A quokka (D:4)
  16 ball pythons
  7 frilled lizards
  17 goblins
  15 kobolds
  29 rats
  4 plants (Snake:4)
  2 withered plants (D:15)
1818 creatures vanquished.

Vanquished Creatures (collateral kills)
  A quicksilver dragon (Vaults:5)
  A shadow dragon (Vaults:5)
  A lindwurm (Snake:4)
  An orc warrior (Vaults:5)
  An orc priest (Vaults:5)
  3 orcs (Vaults:5)
8 creatures vanquished.

Vanquished Creatures (others)
  A wizard (Vaults:4)
  An elephant (Lair:5)
  A boggart (D:15)
  A kobold brigand (D:13)
  An orc wizard (Orc:2)
  2 orcs
  22 demonic plants (Gauntlet)
  27 fungi
  127 plants
  15 withered plants
198 creatures vanquished.

Grand Total: 2024 creatures vanquished

Notes
Turn   | Place    | Note
-------+----------+-------------------------------------------
     0 | D:1      | Kinoniko the Hill Orc Fighter began the quest for the Orb.
     0 | D:1      | Reached XP level 1. HP: 19/19 MP: 1/1
    57 | D:1      | Found a faded altar of an unknown god.
    72 | D:1      | Reached XP level 2. HP: 24/26 MP: 2/2
   503 | D:1      | Found Akaleist's Antique Armour Boutique.
   890 | D:1      | Reached XP level 3. HP: 31/31 MP: 3/3
  1157 | D:2      | Noticed Natasha
  1162 | D:2      | Killed Natasha
  1163 | D:2      | Reached XP level 4. HP: 37/39 MP: 4/4
  1336 | D:2      | Reached skill level 5 in Axes
  1338 | D:2      | Found a radiant altar of Vehumet.
  1360 | D:2      | Noticed Natasha
  1367 | D:2      | Killed Natasha
  1476 | D:2      | Reached XP level 5. HP: 39/45 MP: 3/5
  1520 | D:2      | Noticed Robin
  1536 | D:2      | Killed Robin
  1560 | D:2      | Noticed Natasha
  1568 | D:2      | Killed Natasha
  1883 | D:3      | Reached skill level 5 in Shields
  1883 | D:3      | Reached XP level 6. HP: 31/51 MP: 2/6
  2438 | D:3      | Found a glowing drain.
  2458 | Sewer    | Entered a sewer
  2571 | Sewer    | Reached XP level 7. HP: 42/57 MP: 4/7
  3293 | D:3      | Found a runed translucent gate.
  3294 | D:3      | Found a runed translucent gate.
  3295 | D:3      | Found a runed translucent gate.
  3297 | D:3      | Noticed Sopaderocas's ghost (amateur PaWr)
  3297 | D:3      | Noticed Stajl's ghost (amateur TrMo)
  3297 | D:3      | Noticed Flure's ghost (amateur DrTm)
  3833 | D:5      | Entered Level 5 of the Dungeon
  4183 | D:5      | Reached XP level 8. HP: 46/64 MP: 5/8
  4281 | D:4      | Reached skill level 10 in Axes
  4898 | D:5      | Noticed Blork the orc
  4902 | D:5      | Killed Blork the orc
  5009 | D:5      | Noticed Eustachio
  5020 | D:5      | Found a staircase to the Ecumenical Temple.
  5034 | D:5      | Killed Eustachio
  5150 | D:5      | Noticed Pikel
  5166 | D:5      | Killed Pikel
  5167 | D:5      | Reached XP level 9. HP: 26/70 MP: 3/9
  5606 | D:5      | Noticed Grinder
  5625 | D:5      | Killed Grinder
  5942 | Temple   | Entered the Ecumenical Temple
  6111 | Temple   | Became a worshipper of Qazlal Stormbringer
  6192 | D:5      | Reached skill level 1 in Invocations
  6297 | D:5      | Noticed Edmund
  6303 | D:5      | Killed Edmund
  6304 | D:5      | Reached skill level 2 in Invocations
  6502 | D:6      | Noticed Prince Ribbit
  6606 | D:6      | Killed Prince Ribbit
  6607 | D:6      | Reached skill level 3 in Invocations
  6653 | D:6      | Reached * piety under Qazlal
  6761 | D:6      | Noticed Menkaure
  6764 | D:6      | Reached XP level 10. HP: 45/77 MP: 6/12
  6768 | D:6      | Killed Menkaure
  7214 | D:6      | Reached skill level 4 in Invocations
  7753 | D:7      | Noticed 4FPSwarrior's ghost (novice DsVM)
  7760 | D:7      | Found a runed translucent door.
  7775 | D:7      | Reached skill level 1 in Dodging
  7795 | D:7      | Reached skill level 5 in Invocations
  8261 | D:7      | Reached ** piety under Qazlal
  8821 | D:7      | Paralysed by an orc for 4 turns
  9067 | D:7      | Reached skill level 15 in Axes
  9215 | D:7      | Found Ofaqoe's Magic Scroll Emporium.
  9221 | D:7      | Bought 2 scrolls of enchant weapon for 180 gold pieces
  9221 | D:7      | Bought a scroll of enchant armour for 90 gold pieces
  9221 | D:7      | Bought a scroll of enchant armour for 90 gold pieces
  9221 | D:7      | Bought a scroll of blinking for 90 gold pieces
  9442 | D:8      | Reached skill level 10 in Shields
  9450 | D:8      | Reached skill level 5 in Armour
  9738 | D:8      | Reached XP level 11. HP: 82/82 MP: 15/15
  9884 | D:8      | Reached skill level 6 in Invocations
 10148 | D:8      | Found a staircase to the Lair.
 10509 | D:8      | Noticed Joseph
 10529 | D:8      | Killed Joseph
 11282 | D:9      | Reached *** piety under Qazlal
 11411 | D:9      | Reached skill level 7 in Invocations
 12182 | D:9      | Found a snail-covered altar of Cheibriados.
 12276 | D:9      | Found a runed translucent door.
 12276 | D:9      | Noticed a white ugly thing
 12612 | D:9      | Noticed a swamp dragon
 12612 | D:9      | Noticed an eight-headed hydra
 12656 | D:10     | Entered Level 10 of the Dungeon
 12701 | D:10     | Reached skill level 8 in Invocations
 12814 | D:10     | Noticed a manticore
 12815 | D:10     | Reached **** piety under Qazlal
 12821 | D:10     | Reached skill level 5 in Fighting
 12845 | D:10     | Killed a manticore
 13013 | D:10     | Noticed a manticore
 13021 | D:10     | Killed a manticore
 13029 | D:10     | Noticed Grum
 13043 | D:10     | Killed Grum
 13213 | D:10     | Identified a scroll of acquirement
 13214 | D:10     | Acquired a manual of Armour
 13542 | D:10     | Reached skill level 9 in Invocations
 13542 | D:10     | Reached XP level 12. HP: 49/94 MP: 9/18
 13818 | Lair:1   | Entered Level 1 of the Lair of Beasts
 14728 | Lair:2   | Found a staircase to the Snake Pit.
 14744 | Lair:2   | Reached skill level 10 in Invocations
 15336 | Lair:3   | Noticed Sonja
 15339 | Lair:3   | Killed Sonja
 15366 | Lair:3   | You fall into a shaft and drop 1 floor!
 15366 | Lair:4   | Noticed a five-headed hydra
 15368 | Lair:4   | Killed a five-headed hydra
 15369 | Lair:4   | Reached skill level 11 in Invocations
 15786 | Lair:3   | Reached XP level 13. HP: 101/105 MP: 18/21
 15814 | Lair:3   | Identified the +7 dagger of Votucs {drain, Dex+4}
 15854 | Lair:3   | Found a staircase to the Shoals.
 16399 | Lair:4   | Noticed Snorg
 16418 | Lair:4   | Killed Snorg
 16419 | Lair:4   | Reached skill level 12 in Invocations
 16986 | Lair:4   | Reached skill level 10 in Armour
 17600 | Lair:4   | Noticed a dire elephant
 17607 | Lair:4   | Killed a dire elephant
 17618 | Lair:4   | Identified the +6 long sword "Zugamul" {chaos, Int+4}
 17969 | Lair:5   | Reached skill level 13 in Invocations
 18298 | Lair:4   | Reached XP level 14. HP: 37/118 MP: 7/24
 20001 | Lair:6   | Entered Level 6 of the Lair of Beasts
 20042 | Lair:6   | Reached skill level 14 in Invocations
 20065 | Lair:6   | Found a staircase to the Slime Pits.
 21428 | Lair:6   | Found a runed translucent door.
 21433 | Lair:6   | Reached skill level 10 in Fighting
 21463 | Lair:6   | Paralysed by a hornet for 3 turns
 21493 | Lair:6   | Reached skill level 15 in Invocations
 22874 | D:11     | Noticed Nergalle
 22892 | D:11     | Killed Nergalle
 22941 | D:11     | Reached XP level 15. HP: 128/128 MP: 26/26
 23729 | D:11     | Noticed Maurice
 23732 | D:11     | Killed Maurice
 24504 | D:12     | Noticed Frances
 24509 | D:12     | Noticed Rupert
 24515 | D:12     | Reached skill level 16 in Invocations
 24517 | D:12     | Killed Frances
 24528 | D:12     | Killed Rupert
 25040 | D:12     | Found a staircase to the Orcish Mines.
 25418 | D:13     | Found a gate leading to a gauntlet.
 25425 | Gauntlet | Entered a Gauntlet
 25425 | Gauntlet | Found a transporter.
 25425 | Gauntlet | Found a transporter.
 25426 | Gauntlet | Found a transporter.
 25429 | Gauntlet | Found a transporter.
 25445 | Gauntlet | Found a transporter.
 25445 | Gauntlet | Found a transporter.
 25452 | Gauntlet | Found a transporter.
 25460 | Gauntlet | Found a transporter.
 25479 | Gauntlet | Found a transporter.
 25485 | Gauntlet | Found a transporter.
 25502 | Gauntlet | Found a transporter.
 25581 | Gauntlet | Found a transporter.
 26006 | Gauntlet | Identified the +0 helmet of the Forsaken Ships {Regen+
                  | Int+3 SInv}
 26099 | Gauntlet | Identified the ring of Ytrupats {Fire Dex+2}
 26992 | D:14     | Reached skill level 17 in Invocations
 27153 | D:14     | Reached XP level 16. HP: 126/139 MP: 28/28
 27846 | D:14     | Found a gate to the Vaults.
 27950 | D:14     | Reached skill level 15 in Armour
 27969 | D:14     | Identified the +8 shortbow "Tups" {venom, rPois rCorr Str-3
                  | Int+7}
 27970 | D:14     | Identified the +4 trident of Trial by Ordeal {drain, rF+}
 27972 | D:14     | Identified the +10 war axe "Hanterac" {venom, +Rage Str+2
                  | Int+4}
 27973 | D:14     | Identified the +1 rapier of Desertification {freeze, Str+5
                  | Dex+7 Stlth-}
 27974 | D:14     | Identified the +11 rapier of the Magic Mushroom {freeze,
                  | Drain +Rage rC+ Int+2}
 27977 | D:14     | Identified the +6 rapier "Lewkonie" {freeze, Str+2}
 28161 | D:14     | Identified the +1 buckler of the Stallion {rElec Will+
                  | rCorr Int-3}
 28312 | Orc:1    | Entered Level 1 of the Orcish Mines
 28370 | Orc:1    | Noticed Harold
 28379 | Orc:1    | Killed Harold
 28380 | Orc:1    | Reached skill level 18 in Invocations
 28587 | Orc:2    | Entered Level 2 of the Orcish Mines
 28812 | Orc:2    | Reached ***** piety under Qazlal
 28864 | Orc:2    | Found a roughly hewn altar of Beogh.
 29111 | Orc:2    | Found Vumonom's Antique Armour Boutique.
 29111 | Orc:2    | Found Asoutses's Distillery.
 29123 | Orc:2    | Found Emagge's Jewellery Shoppe.
 29123 | Orc:2    | Found Anicrepu's Distillery.
 29131 | Orc:2    | Bought a potion of curing for 36 gold pieces
 29131 | Orc:2    | Bought a potion of curing for 36 gold pieces
 29131 | Orc:2    | Bought a potion of heal wounds for 60 gold pieces
 29131 | Orc:2    | Bought a potion of heal wounds for 60 gold pieces
 29131 | Orc:2    | Bought a potion of curing for 36 gold pieces
 29132 | Orc:2    | Bought a potion of curing for 36 gold pieces
 29274 | Orc:2    | Found a staircase to the Elven Halls.
 29405 | Orc:2    | Bought an amulet of faith for 640 gold pieces
 29405 | Orc:2    | Bought the ring "Bepp" {AC+4 Str+4} for 822 gold pieces
 29405 | Orc:2    | Bought a ring of willpower for 400 gold pieces
 29632 | Snake:1  | Entered Level 1 of the Snake Pit
 29701 | Snake:1  | Reached skill level 19 in Invocations
 29724 | Snake:1  | Reached XP level 17. HP: 129/149 MP: 30/30
 30839 | Snake:2  | Reached skill level 15 in Shields
 30847 | Snake:2  | Reached ****** piety under Qazlal
 30878 | Snake:2  | Noticed Vashnia
 31171 | Snake:2  | Killed Vashnia
 31471 | Snake:2  | Reached skill level 20 in Invocations
 32170 | Snake:3  | Noticed Saint Roka
 32190 | Snake:3  | Killed Saint Roka
 32191 | Snake:3  | Reached XP level 18. HP: 69/160 MP: 5/32
 32366 | Snake:3  | Found an ancient bone altar of Kikubaaqudgha.
 32373 | Snake:3  | Noticed Asterion
 32388 | Snake:3  | Killed Asterion
 32745 | Snake:3  | Noticed Aizul
 32764 | Snake:3  | Killed Aizul
 33449 | Snake:4  | Entered Level 4 of the Snake Pit
 33482 | Snake:4  | Reached skill level 21 in Invocations
 33755 | Snake:4  | Found a frozen archway.
 33760 | IceCv    | Entered an ice cave
 34578 | IceCv    | Noticed an Ice Fiend
 34585 | IceCv    | Killed an Ice Fiend
 34705 | IceCv    | Identified the +5 flail of Blind Justice {drain, rCorr}
 35328 | Snake:4  | Reached skill level 15 in Fighting
 36458 | Snake:4  | Reached XP level 19. HP: 158/170 MP: 33/33
 36508 | Snake:4  | Reached skill level 22 in Invocations
 36627 | Snake:4  | Got a serpentine rune of Zot
 36854 | Shoals:1 | Entered Level 1 of the Shoals
 36986 | Shoals:1 | Found Cush's Assorted Antiques.
 37055 | Shoals:1 | Bought a scroll of enchant weapon for 210 gold pieces
 38784 | Shoals:3 | Found Seohol's Distillery.
 38878 | Shoals:3 | Bought 2 potions of curing for 126 gold pieces
 38878 | Shoals:3 | Bought a potion of curing for 63 gold pieces
 38878 | Shoals:3 | Bought a potion of curing for 63 gold pieces
 38878 | Shoals:3 | Bought a potion of heal wounds for 105 gold pieces
 38933 | Shoals:3 | Identified the +2 buckler of Wazom {Rampage rElec MP+9}
 39132 | Shoals:3 | Found Ylixev's Book Boutique.
 39572 | Shoals:4 | Entered Level 4 of the Shoals
 39744 | Shoals:4 | Reached skill level 5 in Dodging
 40006 | Shoals:4 | Reached XP level 20. HP: 122/180 MP: 35/35
 40545 | Shoals:4 | Got a barnacled rune of Zot
 40547 | Shoals:4 | Identified the +6 great sword of Yeast {drain, Str+5 Int-5}
 41315 | D:15     | Entered Level 15 of the Dungeon
 41402 | D:15     | Found a staircase to the Depths.
 41446 | D:15     | Noticed Louise
 41460 | D:15     | Killed Louise
 42058 | Vaults:1 | Entered Level 1 of the Vaults
 42591 | Vaults:1 | Reached skill level 1 in Evocations
 43341 | Vaults:2 | Noticed Margery
 43938 | Vaults:2 | Reached XP level 21. HP: 146/191 MP: 36/36
 44011 | Vaults:2 | Reached skill level 5 in Evocations
 44294 | Vaults:2 | Found a large runed translucent door.
 44328 | Vaults:2 | Found a large runed translucent door.
 44328 | Vaults:2 | Noticed Marixus's ghost (adept HOFi)
 44685 | Vaults:2 | Killed Margery
 45068 | Vaults:2 | Found a staircase to the Crypt.
 45537 | Vaults:2 | Killed Marixus's ghost
 45689 | Vaults:3 | Noticed Donald
 45703 | Vaults:3 | Killed Donald
 46059 | Vaults:3 | Found a huge runed gate.
 46059 | Vaults:3 | Found a huge runed gate.
 46059 | Vaults:3 | Found a huge runed gate.
 46059 | Vaults:3 | Found a huge runed gate.
 46060 | Vaults:3 | Found a huge runed gate.
 46060 | Vaults:3 | Found a huge runed gate.
 46060 | Vaults:3 | Found a huge runed gate.
 46060 | Vaults:3 | Found a huge runed gate.
 46061 | Vaults:3 | Found a huge runed gate.
 46063 | Vaults:3 | Found a huge runed gate.
 46063 | Vaults:3 | Found a huge runed gate.
 46063 | Vaults:3 | Found a huge runed gate.
 46063 | Vaults:3 | Found a huge runed gate.
 46063 | Vaults:3 | Found a huge runed gate.
 46063 | Vaults:3 | Found a huge runed gate.
 46064 | Vaults:3 | Found a huge runed gate.
 46065 | Vaults:3 | Found a huge runed gate.
 46066 | Vaults:3 | Found a huge runed gate.
 46074 | Vaults:3 | Found a huge runed gate.
 46074 | Vaults:3 | Found a huge runed gate.
 46074 | Vaults:3 | Found a huge runed gate.
 46074 | Vaults:3 | Found a huge runed gate.
 46074 | Vaults:3 | Found a huge runed gate.
 46074 | Vaults:3 | Found a huge runed gate.
 46075 | Vaults:3 | Found a huge runed gate.
 46076 | Vaults:3 | Found a huge runed gate.
 46077 | Vaults:3 | Found a huge runed gate.
 46087 | Vaults:3 | Found a huge runed gate.
 46087 | Vaults:3 | Found a huge runed gate.
 46087 | Vaults:3 | Found a huge runed gate.
 46087 | Vaults:3 | Found a huge runed gate.
 46087 | Vaults:3 | Found a huge runed gate.
 46087 | Vaults:3 | Found a huge runed gate.
 46088 | Vaults:3 | Found a huge runed gate.
 46089 | Vaults:3 | Found a huge runed gate.
 46090 | Vaults:3 | Found a huge runed gate.
 46404 | Vaults:3 | Noticed Jory
 46423 | Vaults:3 | Killed Jory
 46618 | Vaults:3 | Reached skill level 10 in Dodging
 46649 | Vaults:3 | Found Uhaveyh's Jewellery Boutique.
 46850 | Vaults:3 | Reached XP level 22. HP: 201/201 MP: 37/37
 47012 | Vaults:3 | Found Nyotucutup's Antique Armour Emporium.
 47020 | Vaults:3 | Bought a distressingly furry plate armour for 672 gold
                  | pieces
 47020 | Vaults:3 | Identified the +5 plate armour of Biczusm {Regen+} (You
                  | bought it in a shop on level 3 of the Vaults)
 47042 | Vaults:3 | Found Gagho's Antique Weapon Shoppe.
 47683 | Vaults:4 | Reached skill level 10 in Evocations
 47842 | Vaults:4 | Found a magical portal.
 47876 | WizLab   | Entered Cigotuvi's Fleshworks
 48037 | WizLab   | Paralysed by a floating eye for 3 turns
 48044 | WizLab   | Paralysed by a floating eye for 3 turns
 48087 | WizLab   | Found the -2 hat of the Alchemist {rElec rPois rF+ rC+ rN+
                  | Will+ rMut rCorr}
 48482 | WizLab   | Reached XP level 23. HP: 105/211 MP: 30/38
 48565 | WizLab   | Got Cigotuvi's Almanac of Transmigration and Unholy Secrets
 48734 | Vaults:4 | Found a flickering gateway to a bazaar.
 48749 | Bazaar   | Entered a bazaar
 48757 | Bazaar   | Found Moptim's Jewellery Shop.
 48757 | Bazaar   | Found Vociyri's Book Shop.
 48803 | Bazaar   | Bought the ring of Wariness {rPois Will+ Str-5 Dex+6 SInv}
                  | for 350 gold pieces
 49932 | Elf:1    | Entered Level 1 of the Elven Halls
 49935 | Elf:1    | Paralysed by an air elemental for 1 turns
 49940 | Elf:1    | Paralysed by an air elemental for 1 turns
 50139 | Elf:1    | Found an ancient bone altar of Kikubaaqudgha.
 50173 | Elf:1    | Found Peolehizo's Book Boutique.
 50841 | Elf:2    | Found Ysuom's Weapon Shoppe.
 50843 | Elf:2    | Found Hiugon's Armour Shop.
 50869 | Elf:2    | Found Dirphel's Armour Boutique.
 51033 | Elf:2    | Found Ciler's Antique Weapon Shoppe.
 51151 | Elf:2    | Found a runed translucent gate.
 51151 | Elf:2    | Found a runed translucent gate.
 51151 | Elf:2    | Found a runed translucent gate.
 51280 | Elf:2    | Found Natrod's Magic Scroll Shoppe.
 51821 | Elf:3    | Entered Level 3 of the Elven Halls
 51834 | Elf:3    | Paralysed by an air elemental for 1 turns
 51900 | Elf:3    | Found a radiant altar of Vehumet.
 51985 | Elf:3    | Paralysed by an air elemental for 1 turns
 52334 | Elf:3    | Reached XP level 24. HP: 167/221 MP: 18/38
 52396 | Elf:3    | Identified the ring "Yteus" {rElec Will+ MP-9 Str+7}
 52546 | Elf:3    | Found the +3 Elemental Staff {rElec rF++ rC++ Will++ AC+5}
 52588 | Elf:3    | Identified the +10 glaive of Infinity {venom, *Noise rPois
                  | Str+2 Dex+3}
 52600 | Elf:3    | Identified the +1 leather armour of the Journeyman {Int+4}
 52610 | Elf:3    | Identified the +5 rapier of Accidental Termination {freeze,
                  | *Rage Fly rF+++ SInv}
 52683 | Elf:3    | Identified the +5 short sword of the Realm of Zot {pain,
                  | Dex+5 Stlth-}
 52686 | Elf:3    | Got the Collected Works on Bewitchment
 52690 | Elf:3    | Identified the +6 great sword of Ungolud {vorpal, Dex+2}
 53073 | Elf:3    | Identified the +6 chain mail "Xebo" {Str+4}
 53533 | Vaults:5 | Entered Level 5 of the Vaults
 53544 | Vaults:5 | Noticed Frederick
 53555 | Vaults:5 | Identified the +7 whip "Zorir" {drain, Fragile rF+ rCorr
                  | Str+2 Stlth+}
 53574 | Vaults:5 | Noticed Mara
 53578 | Vaults:5 | Noticed an ancient lich
 53580 | Vaults:5 | Noticed Kinoniko's illusion
 53582 | Vaults:5 | Noticed Mennas
 53594 | Vaults:5 | HP: 9/223 [Kinoniko's illusion (illusionary)[Mara] (8)]
 53595 | Vaults:5 | Killed Mennas
 53595 | Vaults:5 | Slain by an ancient lich

Illustrated notes

Levels and vault maps discovered:
D:1:      evilmike_arrival_crescent, layout_loops_cross, serial_shops, shop,
          shapermc_ecumenical_altar_starsandcircs
D:2:      layout_rooms, basic_altar, uniq_robin, uniq_natasha
D:3:      layout_basic, cheibrodos_sewer_entry_bend, gammafunk_ghost_cemetery,
          st_stairs_12
D:4:      layout_rooms, kennysheep_generic_room_2
D:5:      old_forge, layout_basic, minmay_temple_entry_waves, uniq_grinder,
          uniq_pikel, uniq_blork_the_orc, uniq_edmund, uniq_eustachio
D:6:      layout_gridville, grunt_ministairs_2, uniq_menkaure,
          uniq_prince_ribbit1
D:7:      layout_cave_pools, serial_shops, nicolae_shop_stone,
          hellmonk_ghost_happy_afterlife
D:8:      layout_basic, erik_lair_orcish_takeover, minmay_door_square,
          amcnicky_mini_rare_corridor_liquid, grunt_ministairs_10, uniq_joseph
D:9:      minmay_spotlight, layout_basic, slow_altar_2, minivault_13
D:10:     layout_roguey, minmay_splitting_lines, uniq_grum
D:11:     layout_gridville, uniq_nergalle, uniq_maurice
D:12:     layout_cave_pools, kennysheep_orc_monster_closet_entryway,
          david_greed, uniq_frances, uniq_rupert
D:13:     layout_gridville, gauntlet_entry_generic
D:14:     giant_chief_lemuel, layout_basic, david_vaults_5,
          nicolae_two_hexagons, chequers_serial_rivers_large_a
D:15:     gammafunk_depths_entry_grave, layout_rooms, uniq_louise
Temple:   kilobyte_greek_temple
Lair:1:   layout_regular_city, st_stairs_5, minivault_23,
          infiniplex_staircase_pool
Lair:2:   layout_big_grid, guppyfry_snake_entry_island
Lair:3:   layout_regular_city, elwin_shoals_entry_rocks,
          infiniplex_staircase_pool_2, lemuel_fruit_tree, uniq_sonja
Lair:4:   nzn_winding_woodlands_cross [nzn_winding_woodlands_5x15_twine,
          nzn_winding_woodlands_5x15_default,
          nzn_winding_woodlands_5x15_default, nzn_winding_woodlands_5x15_jagged,
          nzn_winding_woodlands_15x15_boxy_spiral], layout_long_grid,
          serial_bayou_shore_b, uniq_snorg
Lair:5:   wander_river, layout_gridlike, kilobyte_rumbling_trees
Lair:6:   wormcave, layout_long_grid, guppyfry_lair_end_dragon,
          minmay_slime_entry_oklob_open
Shoals:1: layout_shoals, serial_shops, shop_fountains
Shoals:2: layout_shoals
Shoals:3: layout_shoals, serial_shops, shop, shop
Shoals:4: shoals_end_hellmonk_lost_city
Snake:1:  layout_grid_maze, drop_trap
Snake:2:  layout_rooms, nicolae_coiled_stairwell_down, grunt_megastairs_5,
          uniq_vashnia
Snake:3:  layout_honeycomb, basic_altar, nicolae_snake_gridmaze_entwining,
          uniq_aizul, uniq_saint_roka, uniq_asterion
Snake:4:  snake_pit_salamanders_mu, layout_cave_town,
          portal_ice_cave_entry_pillars_1, nicolae_snake_snakes_in_the_grass
Orc:1:    layout_diamond_mine, uniq_urug, uniq_harold, uniq_josephine
Orc:2:    st_orc_ogre_mass, layout_caves, minmay_orc_temple_c
Elf:1:    nicolae_elf_arrival_aired_out, layout_gridlike, serial_shops, shop,
          basic_altar, hangedman_corner_corridor
Elf:2:    elven_hall_of_blades_hangedman_original [nicolae_blade_little_rooms],
          layout_geoelf_diagonals, serial_shops, shop, nicolae_shop_stone,
          shop_fountains, nicolae_shop_stone,
          nicolae_shop_temple_entry_statues_fountains
Elf:3:    nooodl_elf_gasket, layout_rooms, basic_altar
Vaults:1: v_misc_28, vaults_mumra_minichess, nicolae_vaults_diagonal_hallway_7,
          grunt_vaults_bifocal, hangedman_vaults_stream,
          ontoclasm_vaults_loading_screen, nicolae_vaults_yaktaur_gun_rack,
          nicolae_vaults_little_squares_4,
          vaults_standard_mumra_enter_the_diamond, v_misc_26,
          nicolae_vaults_big_angled_halls, vaults_dpeg_diagonal,
          ontoclasm_vaults_gateway, vaults_room_semicircle,
          layout_vaults_omnicross
Vaults:2: advil_vaults_ghost_guards, hangedman_vaults_restitches,
          hangedman_vaults_slice, ontoclasm_vaults_misaligned,
          hangedman_vaults_stitches, grunt_vaults_twisty,
          nicolae_vaults_what_the_h, hangedman_vaults_corner,
          minmay_crypt_entry_simple_box, nicolae_vaults_little_squares_3,
          vaults_mumra_chevron, v_misc_8, layout_vaults_omnigrid, uniq_margery
Vaults:3: v_misc_10, v_misc_28, vaults_door_vault,
          vaults_room_grunt_arrival_checkpoint, ontoclasm_vaults_bender,
          vaults_room_door_ring, vaults_dpeg_ring, serial_ice_g,
          layout_vaults_chaotic_city, serial_shops, nicolae_shop_trees, shop,
          nicolae_lakefront_shop, uniq_jory, uniq_donald
Vaults:4: v_alt_pattern_6, v_rooms_5, hangedman_vaults_impose,
          nicolae_vaults_bisected_exclaves, vaults_room_stairs_pillars,
          v_rooms_5, nicolae_vaults_little_ls, vaults_mumra_hexcomb,
          nicolae_vaults_border_crossing, nicolae_vaults_little_squares_6,
          nicolae_vaults_diagonal_hallway_8,
          hangedman_vaults_stretched_pinwheel, ontoclasm_vaults_decontamination,
          vaults_room_large_hall, ontoclasm_vaults_fault,
          vaults_dpeg_encased_lava, layout_vaults_maze_snakey,
          mu_enter_wizlab_4, serial_shops, bzr_entry_islet
Vaults:5: serial_shops, uniq_mara, uniq_frederick, uniq_mennas

Skill      XL: |  1  2  3  4  5  6  7  8  9 10 11 12 13 14 15 16 17 18 19 20 21 22 23 24 |
---------------+-------------------------------------------------------------------------+-----
Axes           | 3 4 5 6 7 9 12 13 15 16 17 18 | 18.9
Shields        | 4 5 6 8 9 10 11 12 13 14 15 16 17 18 19 | 19.9
Invocations    | 3 5 9 11 13 15 17 19 20 21 22 | 22.4
Dodging        | 2 5 8 10 | 10.1
Armour         | 5 6 9 11 12 14 15 16 17 18 19 20 | 20.7
Fighting       | 5 7 9 10 11 13 14 15 16 17 18 19 | 19.7
Evocations     | 4 8 11 13 14 | 14.3

Action                   |  1- 3 |  4- 6 |  7- 9 | 10-12 | 13-15 | 16-18 | 19-21 | 22-24 || total
-------------------------+-------+-------+-------+-------+-------+-------+-------+-------++-------
Melee: War axe           |    60 |   148 |   380 |   380 |       |   587 |       |       ||  1555
       Broad axe         |       |       |       |   358 |  1168 |   641 |  1388 |   898 ||  4453
Invok: Upheaval          |       |       |       |     4 |    43 |    27 |    16 |     8 ||    98
       Disaster Area     |       |       |       |       |       |     4 |     4 |     9 ||    17
Evoke: Tin of tremorston |       |       |       |       |       |       |       |     1 ||     1
  Use: Potion            |       |     1 |     8 |     2 |    14 |     6 |     4 |     5 ||    40
       Scroll            |       |       |     9 |    17 |    14 |    13 |    17 |    10 ||    80
 Stab: Held in net/web   |       |       |     1 |       |       |       |       |       ||     1
       Invisible         |       |       |       |     7 |     6 |       |       |       ||    13
       Petrified         |       |       |       |       |     3 |       |       |       ||     3
       Petrifying        |       |       |       |       |     1 |       |       |       ||     1
       Distracted        |       |       |       |       |       |       |       |     2 ||     2
Armor: Scale mail        |    29 |    56 |    87 |       |       |       |       |       ||   172
       Skin              |       |       |    18 |       |       |       |       |       ||    18
       Chain mail        |       |       |    61 |       |    29 |    22 |   253 |       ||   365
       Plate armour      |       |       |       |   171 |   314 |   185 |   271 |   306 ||  1247
Dodge: Dodged            |    17 |    60 |   104 |   120 |   335 |   171 |   410 |   240 ||  1457
       Repelled          |       |       |       |     1 |       |    20 |     6 |    12 ||    39
Block: Kite shield       |    39 |    98 |   242 |   603 |  1223 |  1223 |    36 |       ||  3464
       Reflection        |       |       |       |       |    15 |     5 |       |       ||    20
       Buckler           |       |       |       |       |       |       |   881 |   572 ||  1453
